Zazza, neutral female human Tourist -- --- . |.-- . |..| -. . |..| |. --|--- --..| .. -.........-| -- ..-----..|... | | .. |....- ..--- | -..----- -. |..--- |..... |( |.. .... . |..- ........|.. -.|-... ----------.--.|.-- -.....--|-|.. ..- -.....................- |..........[|(.|..|----....-------.-....| #..............|!%.(....|.....S| ..--- -....{......%.| |%(.|....-....@T. ..| - |... #).(..--------....|.H...D| -- - -- -- | --.....................-------- |................................................- --..................................................| -- -- --- - --- - --..---.------......-...--..----- ## ## ....# ### Zazza the Excursionist Experience level: 7 Strength: 13 Dexterity: 15 Constitution: 17 Intelligence: 13 Wisdom: 10 Charisma: 15 Health: 0(56) Energy: 27(27) Def: 12 Gold: 0 Moves: 7068 Dungeon seed: raIwFdlQLzVpL_qw Game ID: Zazza_1536835040 Your Inventory: Weapons a - 33 +2 darts (in quiver) o - a +3 orcish dagger (weapon in hand) Y - 7 +0 daggers Armor e - an uncursed +0 Hawaiian shirt (being worn) w - an uncursed +2 mummy wrapping (being worn) z - an uncursed +0 dwarvish mithril-coat (being worn) A - an uncursed +0 orcish helm (being worn) G - an uncursed +0 pair of iron shoes (being worn) H - an uncursed +0 Uruk-hai shield (being worn) Comestibles c - an uncursed lizard corpse h - an uncursed melon C - 2 uncursed eggs P - 3 uncursed food rations Rings D - an uncursed ring of shock resistance (on left hand) Tools k - an expensive camera (0:92) l - an uncursed credit card m - an uncursed mirror F - an uncursed blindfold J - 2 uncursed partly used wax candles (0:165) L - 8 uncursed tallow candles (0:200) Spells and supernatural/magical abilities: Name Level Category Fail Memory h - healing 1 healing 100% 92% W - pray for help -- divine ? -- Your skills at the end: Fighting Skills Weapon Skills dagger [Expert] dart [Basic] Spellcasting Skills Final Attributes: You were piously aligned. You were shock resistant. You were hallucinating. You were telepathic. You are dead. Vanquished creatures: a black light 2 gnome kings a lizard 2 dingos a blue jelly a gnome mummy an ape 3 human zombies a bugbear 2 imps a water nymph 2 Mordor orcs 5 Uruk-hai 2 rock piercers 3 yellow lights a shrieker a violet fungus 7 gnome lords 2 gnomish wizards 2 kobold mummies a ghoul 4 giant ants 3 floating eyes a kitten 10 dwarves 2 kobold shamans 4 rothes a rabid rat 2 centipedes a giant bat 4 iguanas 2 acid blobs a coyote 2 hobbits 2 hobgoblins 6 giant rats 8 cave spiders a yellow mold 2 red molds 25 gnomes 4 geckos 7 jackals 7 foxes 3 goblins 3 sewer rats 3 grid bugs 2 bats 6 lichens 2 kobold zombies 10 newts and a partridge in a pear tree 170 creatures vanquished. Voluntary challenges: You used a wielded weapon 262 times, starting on turn 427. You read items or engraved 22 times, starting on turn 646. You never genocided any monsters. You never polymorphed an object. You never changed form. You used no wishes. You never split a pudding. You never wrote Elbereth's name. You violated your moral code, losing 21 points of alignment, starting on turn 6048. Dungeon overview: The Dungeons of Doom: levels 1 to 9 Level 1 an altar to Blind Io a long staircase Level 2 Level 3 some altars to Blind Io, a fountain stairs to The Gnomish Mines Level 4 a fountain Level 5 a fountain Level 6 many fountains Level 7 a fountain Level 8 Level 9 The Gnomish Mines: levels 4 to 10 Level 4 stairs to The Dungeons of Doom Level 5 Level 6 Level 7 <- You were here some shops, a temple to Offler, a fountain, some trees Level 10 History has recorded: On T:1 you entered the Dungeons of Doom to retrieve the Amulet of Yendor! On T:733 you reached level 2 of The Dungeons of Doom. On T:1101 you advanced to experience level 2. On T:1123 you reached level 3 of The Dungeons of Doom. On T:1371 you reached level 4 of The Dungeons of Doom. On T:1637 you advanced to experience level 3. On T:2230 you reached level 5 of The Dungeons of Doom. On T:2247 you advanced to experience level 4. On T:2543 you reached level 6 of The Dungeons of Doom. On T:2973 you reached level 7 of The Dungeons of Doom. On T:3222 you reached level 8 of The Dungeons of Doom. On T:3595 you advanced to experience level 5. On T:3606 you reached level 9 of The Dungeons of Doom. On T:4327 you reached level 1 of The Gnomish Mines. On T:4361 you advanced to experience level 6. On T:5225 you reached level 2 of The Gnomish Mines. On T:5307 you advanced to experience level 7. On T:5400 you reached level 3 of The Gnomish Mines. On T:5619 you reached level 7 of The Gnomish Mines. On T:6994 you reached level 4 of The Gnomish Mines. Score breakdown: Gold: 0 ( 0 points) Experience: 7 levels (13645 points) Exploration: 10 levels ( 21.28%) (13269 points) Discoveries: 11 items ( 3.69%) ( 5763 points) Valuables value: (no points given unless you survive) Artifact value: 0 ( 0 points) Variety of kills: 50 monsters ( 13.12%) (10867 points) Turncount: 7068 turns (-1865 points) Survival: died (score multiplied by 80%) Total score: 33343 Latest messages: You begin praying to The Lady. You are surrounded by a shimmering light. The sleazoid starts to attack you, but pulls back. The kobold zombie starts to attack you, but pulls back. The straw golem starts to attack you, but pulls back. You feel that The Lady is pleased as punch. You feel much better. The giant ant swings her long sword. The water nymph hits! The ghoul swings her long sword. The tengu hits! The priest of Brigit intones: "Pilgrim, you enter a sacred place!" You have a strange forbidding feeling... You begin praying to Offler. The black light swings his broad pick. The youma hits! The green slime swings her long sword. The jabberwock hits! The yellow light swings her long sword. The shocking sphere hits! The red mold swings his broad pick. The winged gargoyle hits! You die... Final status: Aloha Zazza the Tourist, killed by a hallucinogen-distorted dwarf, while praying... You died in The Gnomish Mines on dungeon level 7 with 33343 points, and 0 pieces of gold, after 7068 moves. You were level 7 with a maximum of 56 hit points when you died.